 Dungeon Crawl Stone Soup version 0.31-a0-441-g867994ef1c (webtiles) character file.

Game seed: 8463690457515502343

155696 otakuarchivist the Crack Shot (level 17, -12/76 HPs)
             Began as a Spriggan Hunter on Aug 2, 2023.
             Was the Champion of Hepliaklqana.
             Mangled by a salamander
             ... wielding a +0 spear
              (13 damage)
             ... on level 3 of the Snake Pit.
             The game lasted 01:17:53 (27404 turns).

otakuarchivist the Crack Shot (Spriggan Hunter)    Turns: 27404, Time: 01:17:53

Health: -12/76     AC:  6    Str:  7    XL:     17   Next: 9%
Magic:  39/40      EV: 37    Int: 11    God:    Hepliaklqana [******]
Gold:   2851       SH:  5    Dex: 32    Spells: 30/35 levels left

rFire   . . .        d - +8 orcbow of Summer {freeze, Stlth+}
rCold   + . .        (shield currently unavailable)
rNeg    . . .        c - +2 robe {rC+}
rPois   .            (helmet restricted)
rElec   .            N - +1 cloak
rCorr   .            (gloves unavailable)
SInv    +            (boots unavailable)
Will    ++...        O - amulet of reflection
Stlth   ++++++       q - ring of magical power
HPRegen 0.32/turn    Z - +6 ring of dexterity
MPRegen 0.27/turn

%: reflection
@: constricted, very quick
A: reduced essence, very small, no large weapons, unfitting armour, see
invisible, speed 3
a: Renounce Religion, Recall Ancestor, Ancestor Identity, Transference, Idealise


You were on level 3 of the Snake Pit.
You worshipped Hepliaklqana.
Hepliaklqana was exalted by your worship.
You visited 5 branches of the dungeon, and saw 27 of its levels.

You collected 3437 gold pieces.
You spent 586 gold pieces at shops.

Inventory:

Hand Weapons
 d - the +8 orcbow of Summer (weapon) {freeze, Stlth+}
   (You acquired it on level 2 of the Dungeon)

   Stlth:     It makes you more stealthy.
 o - the +1 orcbow "Juto" {drain, rN+ Str+3 Dex+3}
   (You bought it in a shop on level 2 of the Orcish Mines)

   Str:       It affects your strength (+3).
   Dex:       It affects your dexterity (+3).
   rN:        It protects you from negative energy.
Armour
 c - a +2 robe of cold resistance (worn)
 I - a +1 robe of positive energy
 N - a +1 cloak (worn)
Jewellery
 a - a +6 ring of intelligence
 h - a ring of wizardry
 q - a ring of magical power (left hand)
 t - a +6 ring of intelligence
 G - a ring of flight
 O - an amulet of reflection (around neck)
 Q - a ring of fire
 Z - a +6 ring of dexterity (right hand)
Wands
 m - a wand of digging (3)
 p - a wand of roots (31)
 w - a wand of flame (30)
 x - a wand of mindburst (20)
 z - a wand of paralysis (28)
 F - a wand of acid (6)
 L - a wand of polymorph (11)
Scrolls
 b - 6 scrolls of butterflies
 i - 8 scrolls of blinking
 k - 2 scrolls of immolation
 l - 9 scrolls of teleportation
 n - 3 scrolls of fear
 s - 5 scrolls of amnesia
 v - 3 scrolls of poison
 y - 5 scrolls of revelation
 B - 7 scrolls of fog
 D - a scroll of torment
 T - 2 scrolls of enchant weapon
 U - 2 scrolls of enchant armour
Potions
 e - a potion of heal wounds
 f - 4 potions of might
 g - 3 potions of enlightenment
 j - 3 potions of brilliance
 r - 3 potions of mutation
 u - 4 potions of curing
 A - 2 potions of ambrosia
 C - 2 potions of magic
 H - a potion of cancellation
 J - 2 potions of haste
 M - 2 potions of berserk rage
 P - 2 potions of resistance
 R - 2 potions of invisibility
 S - a potion of lignification
Miscellaneous
 E - a box of beasts
 V - a condenser vane


   Skills:
 + Level 8.1 Fighting
 * Level 22.3 Ranged Weapons
 + Level 15.6 Dodging
 + Level 9.6 Stealth
 + Level 9.8 Spellcasting
 + Level 5.5 Hexes
 + Level 11.6 Translocations
 + Level 11.8 Evocations


You had 30 spell levels left.
You knew the following spells:

 Your Spells              Type           Power      Damage    Failure   Level
a - Blink                 Tloc           62%        N/A       1%          2
s - Portal Projectile     Hex/Tloc       48%        N/A       1%          3

Your spell library contained the following spells:

 Spells                   Type           Power      Damage    Failure   Level
 Lesser Beckoning         Tloc           62%        N/A       1%          2
 Momentum Strike          Conj/Tloc      36%        3d9       1%          2
 Manifold Assault         Tloc           31%        N/A       1%          4
 Passage of Golubria      Tloc           31%        N/A       1%          4
 Vhi's Electric Charge    Tloc/Air       36%        N/A       3%          3
 Inner Flame              Hex/Fire       11%        N/A       12%         3
 Freeze                   Ice            20%        1d4       13%         1
 Sting                    Tmut/Pois      20%        1d4       13%         1
 Cigotuvi's Dreadful Rot  Necr/Pois/Air  10%        N/A       21%         2
 Poisonous Vapours        Pois/Air       10%        N/A       21%         2
 Call Canine Familiar     Summ           5%         N/A       36%         3
 Frozen Ramparts          Ice            10%        1d2       36%         3
 Hailstorm                Conj/Ice       5%         3d4       36%         3
 Leda's Liquefaction      Hex/Erth       5%         N/A       38%         4
 Silence                  Hex/Air        5%         N/A       75%         5
 Dispel Undead            Necr           5%         3d7       78%         4
 Flame Wave               Conj/Fire      5%         2d5       78%         4
 Olgreb's Toxic Radiance  Pois           5%         N/A       78%         4
 Sticky Flame             Conj/Fire      5%         2d3       78%         4
 Arcjolt                  Conj/Air       2%         1d12      98%         5
 Lee's Rapid Deconstruct  Erth           2%         3d5*      98%         5
 Death Channel            Necr           2%         N/A       100%        6
 Leda's Unmaking          Conj/Erth      2%         9d1       100%        6
 Lehudib's Crystal Spear  Conj/Erth      2%         10d2      100%        8
 Maxwell's Capacitive Co  Air            2%         ∞         100%        8


Dungeon Overview and Level Annotations

Branches:
Dungeon (15/15)            Temple (1/1) D:4            Lair (5/5) D:10
 Shoals (0/4) Lair:2        Snake (4/4) Lair:2        Slime (0/5) Lair:5
    Orc (2/2) D:12            Elf (0/3) Orc:2        Vaults (0/5) D:13
 Depths (0/4) D:15

Altars:
Ashenzari
Cheibriados
Dithmenos
Elyvilon
Fedhas
Gozag
Hepliaklqana
Kikubaaqudgha
Makhleb
Nemelex Xobeh
Okawaru
Qazlal
Ru
Sif Muna
Trog
Uskayaw
Vehumet
Wu Jian
Xom
Yredelemnul
Zin
The Shining One

Shops:
D:5 *   D:6 :   D:9 [   D:12 =   Orc:2 (=((?!=*(

Annotations:
Lair:3 2 transporters, Sompeu's ghost, journeyman DrDe
Snake:2 Asterion
Orc:2 2 transporters, CraigForest's ghost, journeyman DsSh


Innate Abilities, Weirdness & Mutations

Your life essence is reduced to manifest your ancestor. (-10% HP)
You are very small and have problems with some larger weapons.
You are too small for most types of armour.
You have supernaturally acute eyesight. (SInv)
You cover ground extremely quickly. (Speed+++)


Message History

The anaconda completely misses you. x2
The salamander unwields a +0 shortbow of flaming.
It stops flaming.
The salamander hits Karura but does no damage.
You climb upwards.
There is a stone staircase leading down here.
The anaconda attacks as you move away! The anaconda completely misses you. x2
The salamander tyrant completely misses you.
The anaconda attacks as you move away! The anaconda misses you.
The anaconda completely misses you. The salamander misses you.
The anaconda attacks as you move away! You block the anaconda's attack. x2
The anaconda attacks as you move away! The anaconda completely misses you.
The anaconda misses you.
Karura is recalled.
The anaconda completely misses you. The anaconda barely misses you.
The anaconda grabs you. The anaconda completely misses you.
The anaconda constricts you.
The anaconda's grasp on you weakens, but your attempt to escape fails.
You block the anaconda's attack. The anaconda constricts you.
* * * LOW HITPOINT WARNING * * *
The anaconda completely misses you. The anaconda constricts you.
* * * LOW HITPOINT WARNING * * *
Unknown command.
The anaconda's grasp on you weakens, but your attempt to escape fails.
The anaconda closely misses you. The anaconda constricts you.
* * * LOW HITPOINT WARNING * * *
The salamander tyrant barely misses Karura.
The salamander closely misses you. You block the anaconda's attack.
The anaconda constricts you.
* * * LOW HITPOINT WARNING * * *
The anaconda's grasp on you weakens, but your attempt to escape fails.
The anaconda completely misses you. The anaconda constricts you.
* * * LOW HITPOINT WARNING * * *
Karura misses the anaconda.
Karura hits the salamander tyrant with a +0 broad axe of flaming!
Karura blocks the salamander tyrant's attack.
The salamander hits you from afar with a +0 spear!
* * * LOW HITPOINT WARNING * * *
You are engulfed in flames!
You die...

################ ##...###..#
####################.....#..##
#.................##⌠.>.⌠#..##
#..................#.....#.R##
#.................###.⌠.##..##
#.......>.........#######...##
#........##.N......##+###...).
#........##NS..........##....)
#........##)R@.........##.....
#.......)##............##.....
#.....).)##...<....###########
#........##.......############
#....)...##........'...##....#
#........###########...##....#
#........###########...##....#
#........##.......#######....#
#........##.......#######.....


You could see the friendly Karura the knight, a salamander tyrant (ally target),
a salamander and an anaconda.

Vanquished Creatures
  Vashnia (Snake:2)
  Jorgrun (Orc:2)
  Frances (Snake:2)
  Roxanne (D:14)
  2 stone giants (Orc:2)
  2 orc warlords (Orc:2)
  An ettin (Orc:2)
  Snorg (Lair:4)
  The ghost of Dittersdorf the Protected, a journeyman GrFi of Okawaru (Orc:1)
  Erolcha (D:11)
  A vault guard (D:13)
  4 centaur warriors
  2 catoblepae (D:13)
  3 hydras
  3 two-headed ogres
  A tengu warrior (D:15)
  8 anacondas
  A death knight (D:15)
  4 boulder beetles
  2 demonic crawlers (D:15)
  7 naga warriors
  An orc high priest (Orc:2)
  A vampire mage (D:15)
  10 naga sharpshooters
  4 shock serpents
  Sonja (Lair:4)
  7 skeletal warriors
  A fire crab (shapeshifter) (D:14)
  3 skysharks
  3 sea snakes (Snake:1)
  A phantasmal warrior (D:15)
  Pikel (D:7)
  14 ugly things
  A necromancer (D:15)
  5 orc knights
  A naga ritualist (Snake:3)
  A deep elf pyromancer (D:11)
  A wolf spider (Lair:5)
  5 manticores
  4 mana vipers
  8 orc sorcerers
  7 cyclopes
  2 fire giant zombies (D:15)
  A stone giant skeleton (D:15)
  A moth of wrath (D:15)
  A merfolk siren (Lair:2)
  15 elephants
  4 salamanders
  2 guardian serpents (Snake:2)
  9 naga magi
  5 centaur zombies (D:14)
  A torpor snail (Lair:5)
  Maggie (D:7)
  24 black mambas
  15 cane toads
  Psyche (D:10)
  An unseen horror (D:12)
  2 kobold demonologists
  An efreet (D:15)
  9 komodo dragons
  A rime drake (Lair:3)
  A tengu conjurer (D:15)
  7 trolls
  3 polar bears
  3 meliai (D:13)
  4 hornets
  18 blink frogs
  7 saltlings (Orc:2)
  2 dream sheep (Lair:5)
  Sigmund (D:5)
  A shadow (D:14)
  8 slime creatures
  16 wyverns
  A vampire (D:10)
  4 wraiths
  42 yaks
  3 fire elementals (Orc:2)
  3 basilisks
  Grum (Lair:1)
  3 redbacks
  9 vampire mosquitoes
  Menkaure (D:7)
  2 steam dragons
  A warg (Orc:2)
  21 nagas
  3 swamp worms (D:15)
  14 water moccasins
  A glowing shapeshifter skeleton (D:15)
  A floating eye (shapeshifter) (D:13)
  A hell hound (Orc:2)
  A sky beast (D:6)
  19 orc warriors
  11 ogres
  2 black bears (D:10)
  An ice beast (D:7)
  9 wolves
  6 centaurs
  4 kobold brigands
  11 bullfrogs
  A scorpion (shapeshifter) (D:15)
  2 gnoll sergeants
  2 scorpions
  5 wights (D:9)
  11 killer bees
  4 electric eels
  2 howler monkeys
  15 orc priests
  2 hounds
  A boggart zombie (D:14)
  A gnoll bouda (D:7)
  22 orc wizards
  3 iguanas
  A centaur simulacrum (D:9)
  A boggart simulacrum (D:14)
  6 adders
  9 gnolls
  A shadow imp (D:7)
  3 white imps
  2 worms
  5 dart slugs
  63 orcs
  5 bats
  7 endoplasms
  A giant cockroach (D:1)
  4 goblins
  9 hobgoblins
  8 quokkas
  6 ball pythons
  21 kobolds
  4 rats
697 creatures vanquished.

Vanquished Creatures (collateral kills)
  Aizul (Snake:2)
  Azrael (Orc:2)
  A centaur warrior (D:15)
  2 anacondas (Snake:1)
  A demonic crawler (D:15)
  5 naga warriors
  Nergalle (Lair:2)
  A shock serpent (Snake:3)
  A sea snake (Snake:1)
  A skeletal warrior (D:15)
  4 ugly things
  2 wolf spider zombies (D:14)
  A mana viper (Snake:1)
  2 manticores (D:14)
  2 elephants (Lair:3)
  5 black mambas
  3 slime creatures
  A guardian serpent (Lair:5)
  A cane toad (Lair:1)
  A gargoyle (D:11)
  A komodo dragon (Lair:4)
  A rime drake (Lair:5)
  A tengu conjurer (D:13)
  A polar bear (Lair:5)
  A freezing wraith (D:15)
  2 blink frogs
  2 dream sheep (Lair:5)
  A vampire (D:13)
  A yak (Lair:1)
  2 wyverns
  A human (shapeshifter) (D:14)
  A basilisk (Lair:3)
  A steam dragon (D:7)
  A vampire mosquito (D:12)
  5 nagas
  3 water moccasins
  5 orc warriors
  3 wolves
  An ice beast (D:7)
  An ogre (Orc:1)
  An electric eel (Snake:1)
  3 orc priests
  2 gnolls (D:7)
  12 orcs
  A kobold (D:9)
91 creatures vanquished.

Vanquished Creatures (others)
  2 centaur warriors (D:13)
  15 knights
17 creatures vanquished.

Grand Total: 805 creatures vanquished

Notes
Turn   | Place    | Note
-------+----------+-------------------------------------------
     0 | D:1      | otakuarchivist the Spriggan Hunter began the quest for the
                  | Orb.
     0 | D:1      | Reached XP level 1. HP: 10/10 MP: 2/2
   160 | D:1      | Reached XP level 2. HP: 12/14 MP: 3/3
   453 | D:1      | Reached skill level 5 in Ranged Weapons
   467 | D:1      | Reached XP level 3. HP: 18/18 MP: 4/4
   681 | D:1      | You fall into a shaft and drop 1 floor!
  1127 | D:2      | Reached XP level 4. HP: 22/22 MP: 5/5
  1210 | D:2      | Identified a scroll of acquirement
  1210 | D:2      | Acquired the +8 orcbow of Summer {freeze, Stlth+}
  1431 | D:3      | Identified the +2 hand axe of Joyful Slaughter {holy, Drain
                  | rPois Dex+4}
  1445 | D:3      | Reached skill level 6 in Ranged Weapons
  1788 | D:3      | Noticed a scorpion
  1790 | D:3      | Killed a scorpion
  1791 | D:3      | Reached XP level 5. HP: 25/25 MP: 6/6
  2175 | D:4      | Found a shadowy altar of Dithmenos.
  2232 | D:4      | Found a staircase to the Ecumenical Temple.
  2238 | D:4      | Reached skill level 7 in Ranged Weapons
  2240 | D:4      | Noticed an ogre
  2249 | D:4      | Killed an ogre
  2250 | D:4      | Reached XP level 6. HP: 30/30 MP: 7/7
  2255 | Temple   | Entered the Ecumenical Temple
  2270 | Temple   | Became a worshipper of Hepliaklqana the Forgotten
  2654 | D:5      | Entered Level 5 of the Dungeon
  2718 | D:5      | Identified the +3 leather armour of Loss {rF++}
  2732 | D:5      | Noticed Sigmund
  2739 | D:5      | Killed Sigmund
  2740 | D:5      | Reached skill level 8 in Ranged Weapons
  2740 | D:5      | Reached XP level 7. HP: 27/33 MP: 8/8
  2892 | D:5      | Reached * piety under Hepliaklqana
  2943 | D:5      | Found Ipre's CLEARANCE SALE!.
  2949 | D:5      | Bought a scroll of blinking for 15 gold pieces
  3099 | D:5      | Found a bloodstained altar of Trog.
  3221 | D:6      | Found Ijuash's Vocational Training.
  3241 | D:6      | Found a broken altar of Ashenzari.
  3277 | D:6      | Reached skill level 9 in Ranged Weapons
  3521 | D:6      | Reached skill level 10 in Ranged Weapons
  3521 | D:6      | Reached XP level 8. HP: 33/33 MP: 9/9
  3785 | D:7      | Found a burning altar of Makhleb.
  3828 | D:7      | Reached ** piety under Hepliaklqana
  3829 | D:7      | Remembered your ancestor Karura as a knight
  3871 | D:7      | Found an ancient bone altar of Kikubaaqudgha.
  3947 | D:7      | Reached skill level 11 in Ranged Weapons
  4011 | D:7      | Noticed Maggie
  4017 | D:7      | Killed Maggie
  4018 | D:7      | Reached skill level 12 in Ranged Weapons
  4038 | D:7      | Reached XP level 9. HP: 36/36 MP: 10/10
  4038 | D:7      | Noticed Pikel
  4045 | D:7      | Killed Pikel
  4046 | D:7      | Reached skill level 13 in Ranged Weapons
  4308 | D:7      | Found a stormy altar of Qazlal.
  4376 | D:7      | Found a glowing silver altar of Zin.
  4382 | D:7      | Found a glowing golden altar of the Shining One.
  4526 | D:7      | Noticed Menkaure
  4528 | D:7      | Killed Menkaure
  4800 | D:8      | Reached skill level 14 in Ranged Weapons
  5081 | D:8      | Reached XP level 10. HP: 41/41 MP: 11/11
  5344 | D:8      | Reached skill level 15 in Ranged Weapons
  5495 | D:8      | Reached *** piety under Hepliaklqana
  6011 | D:9      | Found Gela Koa's Antique Armour Boutique.
  6091 | D:9      | Learned a level 2 spell: Blink
  6104 | D:9      | Reached skill level 1 in Translocations
  6113 | D:9      | Reached skill level 1 in Spellcasting
  6152 | D:9      | Reached skill level 16 in Ranged Weapons
  6967 | D:10     | Entered Level 10 of the Dungeon
  7017 | D:10     | Noticed a boulder beetle
  7027 | D:10     | Killed a boulder beetle
  7028 | D:10     | Reached skill level 1 in Evocations
  7065 | D:10     | Reached XP level 11. HP: 25/45 MP: 17/17
  7198 | D:10     | Noticed Psyche
  7204 | D:10     | Killed Psyche
  7456 | D:10     | Reached **** piety under Hepliaklqana
  7589 | D:10     | Found a staircase to the Lair.
  7915 | D:11     | Reached skill level 5 in Translocations
  7989 | D:11     | Noticed a deep elf pyromancer
  7993 | D:11     | Killed a deep elf pyromancer
  8182 | D:11     | Reached skill level 5 in Dodging
  8366 | D:11     | Reached skill level 5 in Spellcasting
  8373 | D:11     | HP: 2/46 [Karura the knight/+0 flail[the player character]
                  | (10)]
  8461 | D:11     | Reached ***** piety under Hepliaklqana
  8612 | D:11     | Noticed Erolcha
  8631 | D:11     | Killed Erolcha
  9108 | D:12     | Noticed a centaur warrior
  9116 | D:12     | Killed a centaur warrior
  9605 | D:12     | Reached skill level 17 in Ranged Weapons
  9620 | D:12     | Reached skill level 5 in Evocations
  9685 | D:12     | Reached XP level 12. HP: 52/52 MP: 21/21
  9843 | D:12     | Noticed a two-headed ogre
  9851 | D:12     | Killed a two-headed ogre
 10055 | D:12     | Found a blossoming altar of Fedhas.
 10303 | D:12     | Found a staircase to the Orcish Mines.
 10337 | D:12     | Found Inia's Jewellery Emporium.
 10427 | D:13     | Noticed a centaur warrior
 10427 | D:13     | Noticed a catoblepas
 10566 | Lair:1   | Entered Level 1 of the Lair of Beasts
 11221 | Lair:1   | Noticed Grum
 11228 | Lair:1   | Killed Grum
 11848 | Lair:2   | Reached skill level 18 in Ranged Weapons
 11875 | Lair:2   | Found a staircase to the Snake Pit.
 11955 | Lair:2   | Reached ****** piety under Hepliaklqana
 12016 | Lair:2   | Noticed Nergalle
 12032 | Lair:2   | Killed Nergalle
 12343 | Lair:2   | Found a staircase to the Shoals.
 12550 | Lair:3   | Reached XP level 13. HP: 56/56 MP: 24/24
 12882 | Lair:3   | Reached skill level 10 in Dodging
 12942 | Lair:3   | Found a transporter.
 12942 | Lair:3   | Found a transporter.
 12986 | Lair:3   | Noticed Sompeu's ghost (journeyman DrDe)
 13070 | Lair:3   | Reached skill level 19 in Ranged Weapons
 13077 | Lair:3   | Acquired 902 gold pieces
 13871 | Lair:4   | Noticed Sonja
 13879 | Lair:4   | Killed Sonja
 14206 | Lair:4   | Noticed Snorg
 14215 | Lair:4   | Killed Snorg
 14705 | Lair:5   | Entered Level 5 of the Lair of Beasts
 15408 | Lair:5   | Reached skill level 20 in Ranged Weapons
 15487 | Lair:5   | Reached XP level 14. HP: 59/60 MP: 25/25
 15583 | Lair:5   | Found a staircase to the Slime Pits.
 16038 | Lair:5   | Reached skill level 5 in Fighting
 17438 | D:13     | Paralysed by a floating eye for 4 turns
 17786 | D:13     | Found a gate to the Vaults.
 17932 | D:14     | Reached skill level 21 in Ranged Weapons
 17988 | D:14     | Reached XP level 15. HP: 65/65 MP: 26/26
 17992 | D:14     | Learned a level 3 spell: Portal Projectile
 18112 | D:14     | Noticed Roxanne
 18162 | D:14     | Killed Roxanne
 18266 | D:14     | Found a shimmering blue altar of Sif Muna.
 18359 | D:15     | Entered Level 15 of the Dungeon
 18458 | D:15     | Found a staircase to the Depths.
 18950 | D:15     | Reached skill level 5 in Stealth
 19526 | D:15     | Reached skill level 10 in Evocations
 19653 | D:15     | Found a sparkling altar of Nemelex Xobeh.
 19959 | Orc:1    | Entered Level 1 of the Orcish Mines
 20124 | Orc:1    | Found a runed translucent door.
 20124 | Orc:1    | Noticed Dittersdorf's ghost (journeyman GrFi)
 20369 | Orc:1    | Killed Dittersdorf's ghost
 20436 | Orc:2    | Entered Level 2 of the Orcish Mines
 20436 | Orc:2    | Noticed Jorgrun
 20445 | Orc:2    | Found a radiant altar of Vehumet.
 20446 | Orc:2    | Found a staircase to the Elven Halls.
 20448 | Orc:2    | Killed Jorgrun
 20449 | Orc:2    | Reached skill level 1 in Hexes
 20593 | Orc:2    | Found Karot's Weapon Shoppe.
 20629 | Orc:2    | Found Nus Liow's Jewellery Boutique.
 20665 | Orc:2    | Found Nysazonare's Weapon Shop.
 20688 | Orc:2    | Found a transporter.
 20688 | Orc:2    | Noticed CraigForest's ghost (journeyman DsSh)
 20801 | Orc:2    | Found a transporter.
 20993 | Orc:2    | Found Poathret's Antique Weapon Boutique.
 21078 | Orc:2    | Noticed Azrael
 21085 | Orc:2    | Killed Azrael
 21132 | Orc:2    | Reached skill level 10 in Translocations
 21422 | Orc:2    | Reached XP level 16. HP: 38/72 MP: 29/29
 21576 | Orc:2    | Found Teobeupo's Distillery.
 21584 | Orc:2    | Bought a potion of curing for 51 gold pieces
 21584 | Orc:2    | Bought a potion of curing for 51 gold pieces
 21584 | Orc:2    | Bought a potion of curing for 51 gold pieces
 21584 | Orc:2    | Bought a potion of curing for 51 gold pieces
 21596 | Orc:2    | Found Quheimob's Antique Weapon Shoppe.
 21598 | Orc:2    | Found Foopuoz's Assorted Antiques.
 21607 | Orc:2    | Bought a jewelled orcbow for 289 gold pieces
 21607 | Orc:2    | Identified the +1 orcbow "Juto" {drain, rN+ Str+3 Dex+3}
                  | (You bought it in a shop on level 2 of the Orcish Mines)
 21617 | Orc:2    | Found Waanuan's Jewellery Shoppe.
 21757 | Orc:2    | Found Ipouhoussa's Magic Scroll Shoppe.
 21763 | Orc:2    | Bought a scroll of identify for 26 gold pieces
 21763 | Orc:2    | Bought a scroll of identify for 26 gold pieces
 21763 | Orc:2    | Bought a scroll of identify for 26 gold pieces
 22272 | Snake:1  | Entered Level 1 of the Snake Pit
 22795 | Snake:1  | Reached skill level 15 in Dodging
 23385 | Snake:1  | Found a white marble altar of Elyvilon.
 23898 | Snake:1  | Reached skill level 22 in Ranged Weapons
 24119 | Snake:2  | Identified the +3 rapier "Goecw" {flame, Drain Fly rPois
                  | rC++}
 24300 | Snake:2  | Noticed Frances
 24309 | Snake:2  | Killed Frances
 24589 | Snake:2  | Noticed Vashnia
 24922 | Snake:2  | Killed Vashnia
 25187 | Snake:2  | Noticed Aizul
 25202 | Snake:2  | Killed Aizul
 25460 | Snake:2  | Noticed Asterion
 25992 | Snake:3  | Reached skill level 5 in Hexes
 26616 | Snake:3  | Reached XP level 17. HP: 39/76 MP: 31/31
 27193 | Snake:4  | Entered Level 4 of the Snake Pit
 27404 | Snake:3  | HP: 1/76 [salamander/+0 spear (13)]
 27404 | Snake:3  | Mangled by a salamander

Illustrated notes

Levels and vault maps discovered:
D:1:      matt_arrival_spirals, layout_loops_ring
D:2:      layout_loops_cross
D:3:      minmay_razor_zed, layout_basic
D:4:      layout_basic, general_overflow_altar, minmay_temple_entry_arrows
D:5:      layout_gridville, trog_three_pillars_becter, nicolae_shop_clearance,
          uniq_sigmund
D:6:      layout_gridville, nicolae_ashenzari_panopticon,
          nicolae_shop_vocational
D:7:      layout_basic, kiku_gazebo_pond_becter,
          nicolae_qazlal_style_of_elements, mainiacjoe_overflow_boulevard,
          mainiacjoe_overflow_catwalk_spiral, uniq_menkaure, uniq_maggie,
          uniq_pikel
D:8:      nicolae_whirlpool, layout_layer_cave, corexii_checkpoint_a
D:9:      layout_basic, serial_shops, shop, minmay_bent
D:10:     layout_basic, david_lair_generic, uniq_psyche
D:11:     minmay_inner_zag, layout_basic, uniq_erolcha
D:12:     layout_loops_corners, orc_0_dummy, serial_shops, shop,
          roderic_lattice_a, fedhas_altar_4
D:13:     layout_irregular_city, david_vaults_5
D:14:     layout_gridville, hangedman_abyss_or_decor_stagger, serial_undead,
          serial_undead_b, serial_undead_a, serial_undead_d, serial_undead_b,
          led_sif_book, uniq_roxanne
D:15:     gammafunk_depths_entry_grave, layout_long_grid,
          nemelex_diamond_rough_becter, worms_lemuel
Temple:   nicolae_temple_bog_church
Lair:1:   layout_long_grid, uniq_grum
Lair:2:   layout_small_grid, elwin_shoals_entry_rooms,
          minmay_snake_entry_guardpost_medium, uniq_nergalle
Lair:3:   layout_loops_ring, nzn_ghost_randoct, chequers_serial_rivers_micro_b
Lair:4:   layout_small_grid, grunt_megastairs_5, uniq_sonja, uniq_snorg
Lair:5:   hangedman_lair_tendril_chambers, layout_cave_pods, slime_entry_1
Snake:1:  layout_basic, basic_altar, grunt_ministairs_3, st_stairs_12,
          serial_bayou_shore_b, lemuel_fruit_tree
Snake:2:  layout_rooms, nicolae_snake_gridmaze_tees, nicolae_fountain_basement,
          serial_bayou_shore_b, serial_bayou_shore_b, uniq_vashnia,
          uniq_asterion, uniq_aizul, uniq_frances
Snake:3:  nicolae_snake_nest, layout_grid_maze, grunt_megastairs_2
Snake:4:  grunt_snake_rune_pools, layout_cave_town, basic_altar,
          serial_bayou_shore_a, minmay_shop_star, uniq_kirke
Orc:1:    layout_caves, serial_shops, hellmonk_ghost_happy_afterlife
Orc:2:    hellmonk_orc_salted, layout_caves, basic_altar, serial_shops,
          nicolae_shop_real_fake_doors, nicolae_shop_back_alley_shop,
          nicolae_shop_tiny_waterfront, nicolae_shop_bloodbath_and_beyond, shop,
          gammafunk_ghost_arena, uniq_jorgrun, uniq_azrael

Skill      XL: |  1  2  3  4  5  6  7  8  9 10 11 12 13 14 15 16 |
---------------+-------------------------------------------------+-----
Ranged Weapons | 5 6 7 8 10 12 14 16 17 18 20 21 22 | 22.3
Translocations | 4 6 8 10 11 | 11.6
Spellcasting   | 3 5 6 7 8 9 |  9.8
Dodging        | 3 6 9 12 13 14 15 | 15.6
Evocations     | 1 5 6 9 10 11 | 11.8
Fighting       | 2 3 4 6 7 8 |  8.1
Stealth        | 2 7 9 |  9.6
Hexes          | 2 5 |  5.5

Action                     |  1- 3 |  4- 6 |  7- 9 | 10-12 | 13-15 | 16-18 || total
---------------------------+-------+-------+-------+-------+-------+-------++-------
   Fire: Shortbow          |   119 |     1 |       |       |       |       ||   120
         Orcbow            |       |    62 |   152 |   573 |  1266 |   572 ||  2625
   Cast: Blink             |       |       |       |       |       |     3 ||     3
 Invoke: Ancestor Identity |       |       |     1 |       |       |       ||     1
         Ancestor Life: Kn |       |       |     1 |       |       |       ||     1
         Recall Ancestor   |       |       |       |       |     9 |     6 ||    15
    Use: Scroll            |       |     4 |     1 |    13 |    10 |     3 ||    31
         Potion            |       |       |       |     1 |     6 |     5 ||    12
 Armour: Robe              |     2 |       |       |     1 |    12 |     7 ||    22
  Dodge: Dodged            |    25 |     3 |    13 |    48 |   238 |   223 ||   550
  Block: Other             |       |       |       |     3 |    57 |    44 ||   104
         Reflection        |       |       |       |       |     5 |    12 ||    17

Table legend: (Time is in decaauts)
 A = Elapsed time spent in this place.
 B = Non-inter-level travel time spent in this place.
 C = Inter-level travel time spent in this place.
 D = Time resting spent in this place.
 E = Time spent auto-exploring this place.
 F = Levels seen in this place.
 G = Mean time per level.
                   A        B        C        D        E       F      G
               +--------+--------+--------+--------+--------+-----+--------+
         Total |  25108 |  24004 |   1104 |   2291 |  17887 |  27 |  929.9 |
       Dungeon |  12321 |  11697 |    624 |    767 |   9186 |  15 |  821.4 |
        Temple |     21 |     13 |      8 |      0 |      0 |   1 |   21.0 |
          Lair |   5951 |   5633 |    318 |    719 |   4015 |   5 | 1190.2 |
     Snake Pit |   4779 |   4671 |    108 |    636 |   3284 |   4 | 1194.8 |
  Orcish Mines |   2034 |   1989 |     45 |    168 |   1401 |   2 | 1017.0 |
               +--------+--------+--------+--------+--------+-----+--------+

Top non-repeatable levels by time:
 Snake:2: 1715 daAuts
 Snake:1: 1714 daAuts
  Lair:4: 1662 daAuts
    D:12: 1611 daAuts
   Orc:2: 1450 daAuts
 Snake:3: 1332 daAuts
  Lair:5: 1257 daAuts
     D:8: 1199 daAuts
    D:11: 1160 daAuts
    D:15: 1115 daAuts
  Lair:1: 1095 daAuts
  Lair:2: 1059 daAuts
     D:9: 986 daAuts
     D:7: 952 daAuts
    D:13: 903 daAuts
